 Dungeon Crawl Stone Soup version 0.22-a0-322-g60b3cfd (webtiles) character file.

116 DiscipleGeek the Sneak (level 4, -2/42 HPs)
             Began as a Troll Assassin on Apr 3, 2018.
             Killed from afar by an orc wizard (5 damage)
             ... with a magic dart
             ... on level 3 of the Dungeon.
             The game lasted 00:10:56 (1892 turns).

DiscipleGeek the Sneak (Troll Assassin)             Turns: 1892, Time: 00:10:56

Health: -2/42      AC:  7    Str: 18 (19) XL:     4   Next: 70%
Magic:  3/3        EV:  9    Int:  7      God:
Gold:   56         SH:  0    Dex: 12      Spells: 3/3 levels left

rFire    . . .     SeeInvis .   b - +0 blowgun
rCold    . . .     Gourm    +   (no shield)
rNeg     . . .     Faith    +   c - +1 robe
rPois    .         Spirit   .   (helmet restricted)
rElec    .         Reflect  .   d - +0 cloak
rCorr    .         Harm     .   (gloves unavailable)
MR       .....                  (boots unavailable)
Stlth    ++........             j - amulet of faith
HPRegen  0.54/turn              (no ring)
MPRegen  0.08/turn              (no ring)

@: lethally poisoned (-2 -> -16)
A: large, unfitting armour, claws 3, fast metabolism 3, gourmand, regeneration
1, shaggy fur 1, tough skin 2
a: no special abilities


You were on level 3 of the Dungeon.
You were very full.

You visited 1 branch of the dungeon, and saw 3 of its levels.

You collected 56 gold pieces.

Inventory:

Hand Weapons
 a - a +2 dagger
 b - a +0 blowgun (weapon)
Missiles
 e - a poisoned needle (quivered)
 f - 2 curare-tipped needles
 i - 20 arrows
Armour
 c - a +1 robe (worn)
 d - a +0 cloak (worn)
Jewellery
 j - an amulet of faith (around neck)
Scrolls
 l - a scroll of teleportation
 m - a scroll of identify
Potions
 k - a potion of lignification
Comestibles
 g - 9 rations
 h - 3 chunks of flesh


   Skills:
 + Level 2.2 Fighting
 + Level 2.5 Short Blades
 + Level 2.1 Throwing
 + Level 1.1 Dodging
 + Level 2.7 Stealth


You had 3 spell levels left.
You didn't know any spells.

Dungeon Overview and Level Annotations

Branches:
Dungeon (3/15)

Altars:
Ru

Annotations:
D:3 adolchristin's ghost, amateur MiBe


Innate Abilities, Weirdness & Mutations

You are too large for most types of armour.
You have claws for hands.
Your metabolism is lightning-fast.
You like to eat raw meat.
Your natural rate of healing is unusually fast.
You are covered in fur. (AC +1)
You have very tough skin. (AC +2)


Message History

The orc wizard blinks!
The orc wizard gestures at you while chanting.
The magic dart hits you!
* * * LOW HITPOINT WARNING * * *
b - a +0 blowgun (weapon)
* * * LOW HITPOINT WARNING * * *
You feel sick.
Unknown command.
Firing (i - inventory. (/) - cycle)
e - 2 poisoned needles (quivered)
Press: ? - help, Shift-Dir - straight line, f - orc wizard
Aim: an orc wizard, wielding a dagger of venom and wearing a robe (almost dead, fast)
You shoot a poisoned needle.
The poisoned needle hits the orc wizard.
The orc wizard is poisoned.
The orc wizard is almost dead.
* * * LOW HITPOINT WARNING * * *
You feel sick.
The orc wizard points at you and mumbles some strange words.
The magic dart hits you!
You die...

# . . ≈..≈ .
#### ≈≈.. . ..#
≈≈≈≈≈ . #.#
≈≈≈≈≈ . #.##
..≈≈≈≈ .
#####@.##≈≈≈≈≈.
#......o(..§≈≈♣
#.........≈≈≈≈.
#...<.....≈≈≈≈≈
#........≈.≈≈≈≈
#.........≈≈≈≈≈
#########≈.≈..≈
...... ######


You could see an orc wizard.

Vanquished Creatures
  An orc wizard (D:2)
  Robin (D:2)
  4 worms (D:2)
  A dart slug (D:1)
  3 leopard geckos
  3 orcs
  2 giant cockroaches (D:2)
  12 goblins
  7 hobgoblins
  A jackal (D:2)
  4 kobolds (D:1)
  A quokka (D:2)
  4 bats
  A frilled lizard (D:2)
  7 rats
52 creatures vanquished.

Notes
Turn   | Place    | Note
-------+----------+-------------------------------------------
     0 | D:1      | DiscipleGeek the Troll Assassin began the quest for the Orb.
     0 | D:1      | Reached XP level 1. HP: 19/19 MP: 0/0
   144 | D:1      | Reached XP level 2. HP: 26/28 MP: 1/1
   760 | D:2      | Reached XP level 3. HP: 35/35 MP: 2/2
   783 | D:2      | Noticed Robin
   912 | D:2      | Killed Robin
  1077 | D:2      | Reached XP level 4. HP: 33/42 MP: 3/3
  1150 | D:2      | Reached skill level 1 in Dodging
  1487 | D:2      | Found a sacrificial altar of Ru.
  1692 | D:3      | Noticed adolchristin's ghost (amateur MiBe)
  1892 | D:3      | Killed from afar by an orc wizard

Vault maps used:
D:1:      saegor_arrival_simple_e
D:2:      nicolae_ru_path_of_blood, uniq_robin
D:3:      grunt_gozag_breadcrumbs, chequers_ecumenical_altar_island,
          first_ration

Skill      XL: |  1  2  3  4 |
---------------+-------------+-----
Short Blades   | 2 |  2.5
Fighting       | 2 |  2.2
Throwing       | 2 |  2.1
Dodging        | 1 |  1.1
Stealth        | |  2.7

Action                   |  1- 3 |  4- 6 || total
-------------------------+-------+-------++-------
Melee: Dagger            |   144 |    75 ||   219
 Fire: Blowgun           |    10 |     6 ||    16
  Use: Potion            |     2 |       ||     2
       Scroll            |     3 |     2 ||     5
 Stab: Sleeping          |     2 |     1 ||     3
  Eat: Chunk             |    15 |     7 ||    22
Armor: Robe              |    45 |    26 ||    71
Dodge: Dodged            |    70 |    36 ||   106

Table legend:
 A = Spawn XP
 B = Non-spawn XP
 C = Spawn XP percentage of total XP
 D = Spawn monster count
 E = Non-spawn monster count
 F = Spawn count percentage of total count
 G = Total turns spent on level
                    A         B        C        D         E        F      G
               +---------+---------+-------+---------+---------+-------+---------
         Total |       0 |     167 |   0.0 |       0 |      52 |   0.0 |  1892
               +---------+---------+-------+---------+---------+-------+---------
           D:1 |       0 |      35 |   0.0 |       0 |      19 |   0.0 |   697
           D:2 |       0 |     129 |   0.0 |       0 |      32 |   0.0 |  1127
           D:3 |       0 |       3 |   0.0 |       0 |       1 |   0.0 |    68
               +---------+---------+-------+---------+---------+-------+---------
